 Dungeon Crawl Stone Soup version 0.31-a0-1570-g93c622d222 (webtiles) character file.

Game seed: 6975074165004338881

7632 dialectric the Nimble (level 10, 0/74 HPs)
             Began as a Yellow Draconian Shapeshifter on Jan 3, 2024.
             Was a Priest of Qazlal.
             Shot with an arrow by a centaur warrior (3 damage)
             ... on level 10 of the Dungeon.
             The game lasted 00:18:01 (11059 turns).

dialectric the Nimble (DrSh)                       Turns: 11059, Time: 00:18:02

Health: 0/74       AC: 11    Str: 22    XL:     10   Next: 98%
Magic:  15/15      EV: 21    Int: 10    God:    Qazlal [***...]
Gold:   318        SH:  9    Dex: 16    Spells: 14/16 levels left

rFire   . . .        p - melded +2 dagger (holy)
rCold   . . .        (shield currently unavailable)
rNeg    . . .        (body armour unavailable)
rPois   .            O - +1 hat
rElec   .            N - +2 cloak
rCorr   +            (gloves currently unavailable)
SInv    .            (no boots)
Will    .....        r - amulet of reflection
Stlth   +            B - +6 ring of strength
HPRegen 0.32/turn    I - +5 ring of evasion
MPRegen 0.14/turn

%: reflection
@: blade hands
A: reduced hp, spit acid, AC +7, unfitting armour, cold-blooded, acid resistance
a: Breathe Acid, Begin Untransformation, Renounce Religion, Upheaval, Elemental
Force


You were on level 10 of the Dungeon.
You worshipped Qazlal.
Qazlal was most pleased with you.
You had blades for hands.
You visited 2 branches of the dungeon, and saw 11 of its levels.

You collected 433 gold pieces.
You spent 115 gold pieces at shops.

Inventory:

Hand Weapons
 b - a +0 rapier
 p - a +2 dagger of holy wrath (melded)
Missiles
 q - 5 boomerangs
 t - a throwing net
 w - 18 poisoned darts (quivered)
Armour
 n - a +1 pair of gloves
 x - a +0 cloak
 G - a +1 pair of gloves
 N - a +2 cloak (worn)
 O - a +1 hat (worn)
Jewellery
 r - an amulet of reflection (around neck)
 B - a +6 ring of strength (left blade hand)
 D - the ring "Poriass" {rPois MP+9 Str+4 Dex-5 SInv}
   (You found it on level 7 of the Dungeon)

   [ring of see invisible]

   Str+4:     It affects your strength (+4).
   Dex-5:     It affects your dexterity (-5).
   rPois:     It protects you from poison MP+9: It affects your magic capacity
   (+9).
   SInv:      It lets you see invisible.
 I - a +5 ring of evasion (right blade hand)
 J - the ring of Yligru {rN+ Int+6}
   (You found it on level 7 of the Dungeon)

   [ring of positive energy]

   Int+6:     It affects your intelligence (+6).
   rN+:       It protects you from negative energy.
 M - a ring of protection from cold
 R - the ring "Bojaulau" {Will+ EV+5 Dex+3 Slay-2 SInv}
   (You found it on level 8 of the Dungeon)

   [ring of evasion]

   EV+5:      It affects your evasion (+5).
   Dex+3:     It affects your dexterity (+3).
   Slay-2:    It affects your accuracy & damage with ranged weapons and melee
   (-2).
   Will+:     It increases your willpower.
   SInv:      It lets you see invisible.
 T - an amulet of regeneration
Talismans
 c - a flux talisman
 h - a blade talisman (active)
 u - a serpent talisman
 L - a beast talisman
Wands
 m - a wand of quicksilver (4)
 z - a wand of polymorph (11)
 C - a wand of iceblast (13)
Scrolls
 d - 7 scrolls of identify
 e - a scroll of silence {unknown}
 f - 4 scrolls of amnesia
 g - 2 scrolls of blinking
 i - 3 scrolls of vulnerability {unknown}
 l - 2 scrolls of summoning {unknown}
 s - a scroll of fog {unknown}
 y - a scroll of noise {unknown}
 E - 2 scrolls of immolation {unknown}
 F - a scroll of enchant armour {unknown}
 P - a scroll of enchant weapon {unknown}
 Q - 2 scrolls of revelation {unknown}
 S - a scroll of poison {unknown}
Potions
 a - 4 potions of lignification
 j - a potion of enlightenment
 k - 2 potions of curing
 o - a potion of haste
 v - a potion of invisibility
 A - a potion of might
 H - a potion of brilliance {unknown}
 K - a potion of cancellation


   Skills:
 + Level 8.4 Fighting
 - Level 4.0 Short Blades
 * Level 8.5 Dodging
 + Level 3.8 Unarmed Combat
 + Level 3.7 Spellcasting
 + Level 3.6 Hexes
 + Level 3.9 Ice Magic
 + Level 8.3 Shapeshifting


You had 14 spell levels left.
You knew the following spells:

 Your Spells              Type           Power      Damage    Failure   Level
a - Ensorcelled Hibernat  Hex/Ice        18%        N/A       9%          2

Your spell library contained the following spells:

 Spells                   Type           Power      Damage    Failure   Level
 Freeze                   Ice            36%        1d5       5%          1
 Frozen Ramparts          Ice            18%        1d3       16%         3
 Hailstorm                Conj/Ice       5%         3d5       34%         3
 Inner Flame              Hex/Fire       5%         N/A       36%         3
 Fugue of the Fallen      Necr           1%         N/A       61%         3
 Passwall                 Erth           1%         N/A       61%         3
 Swiftness                Air            1%         N/A       61%         3
 Anguish                  Hex/Necr       2%         N/A       77%         4
 Metabolic Englaciation   Hex/Ice        4%         N/A       83%         5
 Flame Wave               Conj/Fire      1%         2d4       95%         4
 Leda's Liquefaction      Alch/Erth      0%         N/A       95%         4
 Petrify                  Alch/Erth      1%         N/A       95%         4
 Sticky Flame             Fire/Alch      1%         2d4       95%         4
 Vhi's Electric Charge    Tloc/Air       2%         N/A       95%         4
 Arcjolt                  Conj/Air       0%         1d10      100%        5
 Maxwell's Capacitive Co  Air            0%         ∞         100%        8


Dungeon Overview and Level Annotations

Branches:
Dungeon (10/15)            Temple (1/1) D:5             Orc (0/2) D:9
   Lair: D:8-11

Altars:
Ashenzari
Cheibriados
Dithmenos
Elyvilon
Fedhas
Gozag
Hepliaklqana
Kikubaaqudgha
Makhleb
Nemelex Xobeh
Okawaru
Qazlal
Ru
Sif Muna
Trog
Uskayaw
Vehumet
Wu Jian
Xom
Yredelemnul
Zin
The Shining One

Shops:
D:3 [   D:6 ?   D:9 (


Innate Abilities, Weirdness & Mutations

You have blades for hands.
Your maximum health is decreased, since you lack skill for your form.
You are incapable of wielding weapons or throwing items.
You can spit globs of acid.
Your golden yellow scales are hard. (AC +7)
You cannot fit into any form of body armour.
You are cold-blooded and may be slowed by cold attacks.
You are resistant to acid. (rCorr)


Message History

The freezing wraith hits you. The freezing wraith freezes you!
You feel as though you will be slow longer.
The freezing wraith hits you but does no damage.
There is an open door, spattered with blood here.
Items here: )))) [ †.
Okay, then.
The freezing wraith misses you. The freezing wraith hits you!
Blink to where?
Press: ? - help, Dir - move target
As you read the scroll of blinking, it crumbles to dust.
You feel yourself speed up.
A two-headed ogre comes into view.
It is wielding a +0 giant club and a +0 dire flail.
The two-headed ogre completely misses you.
You block the two-headed ogre's attack. You block the gnoll sergeant's attack.
The shadow completely misses you.
You hear a roar!
The two-headed ogre misses you. You block the two-headed ogre's attack.
The gnoll sergeant attacks as it pursues you!
The gnoll sergeant hits you but does no damage.
You hear a shout!
The two-headed ogre attacks as it pursues you!
You block the two-headed ogre's attack. The two-headed ogre barely misses you.
You hear a horrible gurgling sound!
You hit the two-headed ogre but do no damage.
You tail-slap the two-headed ogre.
The two-headed ogre is lightly wounded.
A centaur warrior and a six-headed hydra come into view.
The centaur warrior is wielding a staff of fire.
The centaur warrior shouts!
The six-headed hydra roars!
You hear a horrible gurgling sound!
You hear a bellow!
The centaur warrior wields a +0 shortbow.
The centaur warrior shoots an arrow.
The arrow hits you!!
The two-headed ogre hits you with a +0 giant club!
* * * LOW HITPOINT WARNING * * *
The two-headed ogre hits you with a +0 dire flail!
* * * LOW HITPOINT WARNING * * *
There is an open door, spattered with blood here.
Unknown command.
The centaur warrior shoots an arrow.
The arrow hits you.
You die...

#............##
#.............##
....#######....##
...##..#..##..).#
#.##..#.#..##...# ##
##..#...#..##..# ###..##
#.g#..#g.#..#.##
#......###O#..#.#..#.#.#
#....@'#WW#...#..##.#
......##.#.#..#.#..#.#.#
##..# #..#..#..#..#..#.#
## ...###..#...#..##.#
...D# ##..#)#†.##..#
.....# ##..#..##..##
##c## ###)###..## .#
##.....##..## ...
##.§.....##..#


You could see a six-headed hydra, a centaur warrior, a two-headed ogre and a
gnoll sergeant.

Vanquished Creatures
  A two-headed ogre (D:10)
  A boulder beetle (D:8)
  Maurice (D:7)
  6 yaks
  A vampire (D:9)
  3 steam dragons
  2 acid dragons
  Edmund (D:6)
  3 water moccasins
  3 ice beasts
  5 orc warriors
  An ogre (D:5)
  6 centaurs
  A phantom (D:5)
  2 kobold brigands (D:6)
  6 bullfrogs
  8 scorpions
  A wight (D:10)
  6 killer bees (D:9)
  4 howler monkeys
  A bombardier beetle (D:4)
  4 hounds
  2 jellies
  6 orc priests
  2 sleepcaps (D:6)
  2 gnoll boudas
  10 orc wizards
  Natasha (twice) (D:2)
  4 iguanas
  10 gnolls
  9 adders
  A shadow imp (D:8)
  A white imp (D:8)
  2 ufetubi (D:5)
  4 dart slugs
  4 ribbon worms
  32 orcs
  9 bats
  3 endoplasms
  3 giant cockroaches
  3 goblins
  7 hobgoblins
  A quokka (D:3)
  8 ball pythons
  4 frilled lizards
  12 kobolds
  3 rats
  A spectral kobold (D:3)
212 creatures vanquished.

Notes
Turn   | Place    | Note
-------+----------+-------------------------------------------
     0 | D:1      | dialectric the Draconian Shapeshifter began the quest for
                  | the Orb.
     0 | D:1      | Reached XP level 1. HP: 16/16 MP: 1/1
  1025 | D:2      | Reached XP level 2. HP: 19/24 MP: 2/2
  1105 | D:2      | Noticed Natasha
  1121 | D:2      | Killed Natasha
  1122 | D:2      | Reached XP level 3. HP: 20/30 MP: 3/3
  1705 | D:2      | Noticed Natasha
  1720 | D:2      | Killed Natasha
  1721 | D:2      | Reached XP level 4. HP: 20/38 MP: 4/4
  1970 | D:3      | Found a hazy altar of Hepliaklqana.
  2005 | D:3      | Found Pepy's Antique Armour Boutique.
  2027 | D:3      | Found a stormy altar of Qazlal.
  2657 | D:3      | Became a worshipper of Qazlal Stormbringer
  2675 | D:4      | Found a glowing golden altar of the Shining One.
  2743 | D:4      | Reached XP level 5. HP: 24/46 MP: 5/5
  2843 | D:4      | Reached skill level 1 in Short Blades
  2887 | D:4      | Found a sacrificial altar of Ru.
  2889 | D:4      | Found a radiant altar of Vehumet.
  3018 | D:4      | Reached XP level 6. HP: 51/53 MP: 6/6
  3604 | D:4      | Found a snail-covered altar of Cheibriados.
  3639 | D:4      | Found a basalt altar of Yredelemnul.
  3642 | D:4      | Found an opulent altar of Gozag.
  3642 | D:4      | Found a bloodstained altar of Trog.
  3643 | D:4      | Found a white marble altar of Elyvilon.
  3648 | D:4      | Learned a level 2 spell: Ensorcelled Hibernation
  3787 | D:5      | Entered Level 5 of the Dungeon
  4175 | D:5      | Reached skill level 5 in Fighting
  4315 | D:5      | Your scales start taking on a golden yellow colour.
  4315 | D:5      | Reached XP level 7. HP: 58/61 MP: 7/7
  4315 | D:5      | Gained mutation: You are resistant to acid. (rCorr) [Yellow
                  | Draconian growth]
  4760 | D:6      | Reached * piety under Qazlal
  4942 | D:6      | Reached skill level 5 in Dodging
  4942 | D:6      | Reached skill level 5 in Shapeshifting
  4947 | D:6      | Reached XP level 8. HP: 27/68 MP: 8/8
  5119 | D:6      | Noticed Edmund
  5129 | D:6      | Killed Edmund
  5210 | D:6      | Found Gamne's Magic Scroll Shop.
  5237 | D:6      | Bought a scroll of teleportation for 33 gold pieces
  5237 | D:6      | Bought a scroll of blinking for 82 gold pieces
  5283 | D:6      | HP: 1/68 [something (20)]
  5977 | D:5      | Found a staircase to the Ecumenical Temple.
  5987 | Temple   | Entered the Ecumenical Temple
  6586 | D:7      | Identified the ring "Poriass" {rPois MP+9 Str+4 Dex-5 SInv}
  6711 | D:7      | Reached XP level 9. HP: 75/75 MP: 9/9
  6932 | D:7      | Reached ** piety under Qazlal
  7099 | D:7      | Identified the ring of Yligru {rN+ Int+6}
  7109 | D:7      | Noticed Maurice
  7227 | D:7      | Something stole a ring of protection from cold
  7228 | D:7      | Something stole a beast talisman
  7230 | D:7      | Something stole 128 gold
  7275 | D:7      | Killed Maurice
  7276 | D:7      | Reached skill level 1 in Spellcasting
  7887 | D:8      | Reached skill level 1 in Hexes
  7887 | D:8      | Reached skill level 1 in Ice Magic
  8738 | D:8      | Reached XP level 10. HP: 78/86 MP: 13/13
  8845 | D:8      | Noticed a boulder beetle
  8871 | D:8      | Killed a boulder beetle
  9174 | D:8      | Identified the ring "Bojaulau" {Will+ EV+5 Dex+3 Slay-2
                  | SInv}
  9929 | D:9      | Reached *** piety under Qazlal
 10633 | D:9      | Found Zaask's Weapon Shoppe.
 10694 | D:9      | Found a staircase to the Orcish Mines.
 10782 | D:10     | Entered Level 10 of the Dungeon
 11002 | D:10     | Noticed a two-headed ogre
 11027 | D:10     | Killed a two-headed ogre
 11050 | D:10     | Noticed a two-headed ogre
 11058 | D:10     | Noticed a centaur warrior
 11058 | D:10     | Noticed a six-headed hydra
 11058 | D:10     | HP: 3/74 [two-headed ogre/+0 giant club (8)]
 11059 | D:10     | Shot with an arrow by a centaur warrior

Illustrated notes

Levels and vault maps discovered:
D:1:      wheals_arrival_linesprint, layout_basic
D:2:      layout_basic, uniq_natasha
D:3:      layout_loops_ring, mainiacjoe_overflow_alcove_2,
          nicolae_hepliaklqana_monster_ancestors, serial_shops,
          nicolae_shop_hallway_plus
D:4:      layout_rooms, slow_altar_2, grunt_temple_overflow_open
D:5:      layout_loops_ring, minmay_temple_entry_poolview, minivault_23
D:6:      layout_rooms, serial_shops, shop, uniq_edmund
D:7:      old_forge, layout_basic, uniq_maurice
D:8:      nicolae_cairo_tiling_large, layout_basic
D:9:      layout_rooms, david_orc_4, serial_shops,
          nicolae_shop_bloodbath_and_beyond
D:10:     minmay_the_grid_octo_2x2 [minmay_the_grid_octo_empty,
          minmay_the_grid_octo_thin_diamonds, minmay_the_grid_octo_odd_swirl,
          minmay_the_grid_octo_prize_star], layout_small_grid, jiyva_altar_1
Temple:   chequers_temple_sunken

Skill      XL: |  1  2  3  4  5  6  7  8  9 10 |
---------------+-------------------------------+-----
Dodging        | 2 3 5 6 7 8 |  8.5
Fighting       | 2 3 4 5 7 8 |  8.4
Short Blades   | 1 2 3 4 |  4.0
Shapeshifting  | 4 5 6 7 8 |  8.3
Spellcasting   | 2 3 |  3.7
Hexes          | 2 3 |  3.6
Ice Magic      | 2 3 |  3.9
Unarmed Combat | |  3.8

Action                     |  1- 3 |  4- 6 |  7- 9 | 10-12 || total
---------------------------+-------+-------+-------+-------++-------
  Melee: Unarmed           |    89 |    38 |     5 |   116 ||   248
         Tailslap          |     8 |    25 |    73 |    25 ||   131
         Punch             |     3 |     6 |    11 |     3 ||    23
         Dagger            |       |   187 |   376 |    50 ||   613
         Constrict         |       |       |       |     9 ||     9
  Throw: Dart              |       |     2 |    21 |     3 ||    26
Ability: Breathe Acid      |       |       |    21 |     8 ||    29
         Begin Untransform |       |       |       |     2 ||     2
  Evoke: Wand              |       |     5 |     3 |     6 ||    14
    Use: Potion            |     1 |     2 |     1 |       ||     4
         Scroll            |       |     3 |     2 |     3 ||     8
   Stab: Sleeping          |       |     2 |     1 |       ||     3
 Armour: Skin              |    47 |   125 |   154 |    99 ||   425
  Dodge: Dodged            |    52 |   122 |   295 |   166 ||   635
  Block: Other             |       |     1 |    94 |    85 ||   180
         Reflection        |       |       |     3 |     8 ||    11
   Form: Blade             |       |       |       |     1 ||     1
         Serpent           |       |       |       |     1 ||     1

Table legend: (Time is in decaauts)
 A = Elapsed time spent in this place.
 B = Non-inter-level travel time spent in this place.
 C = Inter-level travel time spent in this place.
 D = Time resting spent in this place.
 E = Time spent auto-exploring this place.
 F = Levels seen in this place.
 G = Mean time per level.
                   A        B        C        D        E       F      G
               +--------+--------+--------+--------+--------+-----+--------+
         Total |  10969 |  10466 |    503 |    889 |   7208 |  11 |  997.2 |
       Dungeon |  10968 |  10466 |    502 |    889 |   7208 |  10 | 1096.8 |
        Temple |      1 |      0 |      1 |      0 |      0 |   1 |    1.0 |
               +--------+--------+--------+--------+--------+-----+--------+

Top non-repeatable levels by time:
     D:7: 1997 daAuts
     D:8: 1842 daAuts
     D:5: 1289 daAuts
     D:4: 1169 daAuts
     D:1: 1020 daAuts
     D:2: 944 daAuts
     D:6: 865 daAuts
     D:9: 814 daAuts
     D:3: 748 daAuts
    D:10: 275 daAuts
  Temple: 1 daAuts
